 Dungeon Crawl Stone Soup version 0.25.1-1-g288607f (webtiles) character file.

Game seed: 4321439994781616288

39 Jonnyslop the Skirmisher (level 3, -4/33 HPs)
             Began as a Minotaur Fighter on Nov 13, 2020.
             Slain by Sigmund
             ... wielding a +0 scythe
              (7 damage)
             ... on level 2 of the Dungeon.
             The game lasted 00:01:28 (873 turns).

Jonnyslop the Skirmisher (Minotaur Fighter)          Turns: 873, Time: 00:01:28

Health: -4/33      AC:  6    Str: 21    XL:     3   Next: 28%
Magic:  2/2        EV:  7    Int:  5    God:
Gold:   47         SH: 10    Dex:  9    Spells: 2/2 levels left

rFire    . . .     SeeInvis .   a - +0 long sword
rCold    . . .     Gourm    .   c - +1 kite shield
rNeg     . . .     Faith    .   b - +0 scale mail
rPois    .         Spirit   .   (helmet restricted)
rElec    .         Reflect  .   (no cloak)
rCorr    .         Harm     .   (no gloves)
MR       .....                  (no boots)
Stlth    ..........             (no amulet)
HPRegen  0.11/turn              (no ring)
MPRegen  0.08/turn              (no ring)

@: mighty
A: retaliatory headbutt, horns 2
a: no special abilities


You were on level 2 of the Dungeon.
You were not hungry.

You visited 1 branch of the dungeon, and saw 2 of its levels.

You collected 47 gold pieces.

Inventory:

Hand Weapons
 a - a +0 long sword (weapon)
Armour
 b - a +0 scale mail (worn)
 c - a +1 kite shield (worn)
Scrolls
 e - a scroll of remove curse
 g - a scroll of identify
 h - a scroll of fog
Comestibles
 f - 3 rations


   Skills:
 + Level 4.2 Fighting
 * Level 4.0 Long Blades
 - Level 3.6 Armour
 - Level 3.6 Shields


You had 2 spell levels left.
You didn't know any spells.
Your spell library was empty.

Dungeon Overview and Level Annotations

Branches:
Dungeon (2/15)

Altars:

Annotations:
D:2 Sigmund


Innate Abilities, Weirdness & Mutations

You reflexively headbutt those who attack you in melee.
You have a pair of horns on your head.


Message History

The ball python barely misses you. Something hits you!
You barely miss the ball python. You block the ball python's attack.
The ball python grabs you. The ball python constricts you. Something hits you.
You slash the ball python!
You kill the ball python!
Your Long Blades skill increases to level 4!
You slice the kobold!!
You kill the kobold!
Something hits you but does no damage.
You closely miss the goblin. Something hits you!
* * * LOW HITPOINT WARNING * * *
The goblin hits you but does no damage.
You barely miss the goblin. The goblin hits you with a +0 club.
* * * LOW HITPOINT WARNING * * *
Something hits you but does no damage.
You miss the goblin. Your headbutt misses the goblin.
The goblin closely misses you.
You riposte.
You slash the goblin!
You kill the goblin!
Something hits you!
You die...

.# #...########### ..
##...# #. #.#.#
#.####.#.######
..##.........#
#.##.........#
#.#..........#
#............#
#@##.........#
#..####r##.........#
#......#............
....##....###########
## #.......
..........
...........
.#..........
r.#..........


You could see a rat.

Vanquished Creatures
  A gnoll (D:1)
  A worm (D:2)
  A ball python (D:2)
  2 bats
  2 giant cockroaches (D:1)
  A goblin (D:2)
  3 hobgoblins
  3 jackals (D:1)
  6 kobolds
  3 frilled lizards
  2 rats (D:1)
25 creatures vanquished.

Vanquished Creatures (others)
  A kobold (D:1)
  A plant (D:1)
2 creatures vanquished.

Grand Total: 27 creatures vanquished

Notes
Turn   | Place    | Note
-------+----------+-------------------------------------------
     0 | D:1      | Jonnyslop the Minotaur Fighter began the quest for the Orb.
     0 | D:1      | Reached XP level 1. HP: 19/19 MP: 0/0
    88 | D:1      | Reached XP level 2. HP: 27/27 MP: 1/1
   619 | D:1      | Reached XP level 3. HP: 33/33 MP: 2/2
   861 | D:2      | Noticed Sigmund
   873 | D:2      | Slain by Sigmund

Illustrated notes

Levels and vault maps discovered:
D:1:      roderic_crop_circles_arrival_small, layout_basic, lemuel_flame_loot_1
D:2:      layout_rooms, zin_statuary, lemuel_crystal_altar, first_ration,
          uniq_sigmund

Skill      XL: |  1  2  3 |
---------------+----------+-----
Long Blades    | 3 4 |  4.0
Fighting       | 4 |  4.2
Armour         | |  3.6
Shields        | |  3.6

Action                   || total
-------------------------++-------
Melee: Long sword        ||    66
       Headbutt          ||     8
  Use: Scroll            ||     5
       Potion            ||     1
Armor: Scale mail        ||    37
Dodge: Dodged            ||    23
Block: Kite shield       ||    46
       Rpst.: Long sword ||     7
